 Dungeon Crawl Stone Soup version 0.31.0-32-g396128a36d (webtiles) character file.

Game seed: 10832631736195041773

756 Marvel the Cleaver (level 7, -2/59 (61) HPs)
             Began as a Hill Orc Fighter on Mar 23, 2024.
             Was a Follower of Qazlal.
             Slain by a ribbon worm (3 damage)
             ... on level 5 of the Dungeon.
             The game lasted 00:04:20 (3624 turns).

Marvel the Cleaver (Hill Orc Fighter)               Turns: 3624, Time: 00:04:21

HP:   -2/59 (61)    AC:  8    Str: 21    XL:     7   Next: 79%
MP:   7/7           EV:  9    Int:  8    God:    Qazlal [*.....]
Gold: 336           SH:  6    Dex: 10    Spells: 6/6 levels left

rFire   . . .        a - +0 war axe
rCold   . . .        c - +0 buckler
rNeg    . . .        b - +0 scale mail
rPois   .            (no helmet)
rElec   .            q - scarf {+Inv}
rCorr   .            m - +0 pair of gloves
SInv    .            (no boots)
Will    .....        (no amulet) Stlth
                     (no ring)
HPRegen 0.29/turn    (no ring)
MPRegen 0.10/turn

%: no passive effects
@: weakened, lightly drained
A: no striking features
a: Renounce Religion, Evoke Invisibility


You were on level 5 of the Dungeon.
You worshipped Qazlal.
Qazlal was aware of your devotion.
You visited 1 branch of the dungeon, and saw 5 of its levels.

You collected 336 gold pieces.

Inventory:

Hand Weapons
 a - a +0 war axe (weapon)
Missiles
 f - 5 datura-tipped darts
 i - 15 poisoned darts (quivered)
Armour
 b - a +0 scale mail (worn)
 c - a +0 buckler (worn)
 m - a +0 pair of gloves (worn)
 q - a scarf of invisibility (worn)
Wands
 p - a wand of flame (33)
Scrolls
 d - 2 scrolls of poison {unknown}
 g - 7 scrolls of identify {unknown}
 h - a scroll of vulnerability {unknown}
 j - 3 scrolls of teleportation {unknown}
 k - a scroll of fog {unknown}
 n - a scroll of enchant armour {unknown}
 s - 3 scrolls of noise {unknown}
 t - a scroll of brand weapon {unknown}
Potions
 e - 3 potions of curing
 l - a potion of ambrosia
 o - a potion of degeneration {unknown}
 r - a potion of attraction
 u - a potion of heal wounds {unknown}


   Skills:
 + Level 5.1 Fighting
 * Level 8.8 Axes
 + Level 0.3 Throwing
 + Level 5.3 Armour
 - Level 0.2 Stealth
 + Level 3.8 Shields


You had 6 spell levels left.
You didn't know any spells.
Your spell library contained the following spells:

 Spells                   Type           Power      Damage    Failure   Level
 Apportation              Tloc           0%         N/A       80%         1
 Necrotise                Necr           0%         1d4       80%         1
 Sting                    Conj/Alch      0%         1d3       80%         1
 Summon Small Mammal      Summ           0%         N/A       80%         1
 Dazzling Flash           Conj/Hex       0%         N/A       99%         3
 Mephitic Cloud           Conj/Alch/Air  0%         N/A       99%         3
 Curse of Agony           Necr           0%         N/A       100%        5
 Silence                  Hex/Air        0%         N/A       100%        5


Dungeon Overview and Level Annotations

Branches:
Dungeon (5/15)             Temple (0/1) D:5

Altars:
Dithmenos
Fedhas
Gozag
Qazlal
Sif Muna
Vehumet
Wu Jian
Yredelemnul


Message History

Qazlal accepts your kill.
You closely miss the gnoll bouda.
The gnoll bouda hits you with a +0 club!
The gnoll hits you but does no damage. You block the gnoll bouda's attack.
The gnoll barely misses you.
Things that are here:
a +0 club; a gnoll corpse You closely miss the gnoll.
You barely miss the gnoll bouda. The gnoll bouda barely misses you.
The gnoll barely misses you.
The gnoll bouda gazes fiercely through you!
You feel as though you will be weak longer.
The gnoll bouda hits you with a +0 club.
You barely miss the gnoll. You hit the gnoll bouda.
The gnoll barely misses you.
The ribbon worm expels a string of sticky webbing.
You block the stream of webbing.
The gnoll bouda hits you but does no damage.
You hit the gnoll.
The gnoll is moderately wounded.
You barely miss the gnoll bouda.
The gnoll is no longer moving quickly.
The gnoll hits you with a +0 halberd.
* * * LOW HITPOINT WARNING * * *
The gnoll bouda hits you with a +0 club.
* * * LOW HITPOINT WARNING * * *
You hit the gnoll but do no damage.
The gnoll is moderately wounded.
You barely miss the ribbon worm. You barely miss the gnoll bouda.
The gnoll closely misses you.
The ribbon worm bites you but does no damage.
The gnoll bouda barks out a call to the hunt!
The gnoll picks up the pace!
The gnoll hits you but does no damage.
You completely miss the gnoll.
The gnoll is moderately wounded.
You hit the gnoll bouda. You barely miss the ribbon worm.
The gnoll bouda hits you with a +0 club!
* * * LOW HITPOINT WARNING * * *
The ribbon worm is engulfed in freezing vapours.
The ribbon worm bites you.
You die...

≈.. ##> ..##.. .g.# ..
##g############.##
#................#.
#.####............. #.
#............. #.
#..w.......... #.
##..g@)......#.
#######...○g.))......
#####8...8#####.......##
##...#)....#...#.......#
...⌠.)).>....⌠...#######
.#...#.....#...#....#
.#####8...8#####.##.....
.....####### #.# ....
###...<....# ... ...


You could see a gnoll bouda, a ribbon worm (catching breath) and a gnoll
(swift).

Vanquished Creatures
  Grinder (D:3)
  A black bear (D:4)
  A scorpion (D:4)
  2 hounds (D:4)
  A jelly (D:4)
  An orc priest (D:4)
  3 orc wizards
  6 adders
  7 gnolls
  2 ribbon worms
  3 dart slugs
  8 orcs
  5 bats
  2 endoplasms
  2 giant cockroaches
  4 goblins
  7 hobgoblins
  6 jackals
  4 kobolds
  5 quokkas
  5 ball pythons
  3 frilled lizards
  4 rats
83 creatures vanquished.

Notes
Turn   | Place    | Note
-------+----------+-------------------------------------------
     0 | D:1      | Marvel the Hill Orc Fighter began the quest for the Orb.
     0 | D:1      | Reached XP level 1. HP: 19/19 MP: 1/1
   122 | D:1      | Reached skill level 3 in Axes
   122 | D:1      | Reached XP level 2. HP: 23/27 MP: 2/2
   525 | D:1      | Reached XP level 3. HP: 10/33 MP: 3/3
  1066 | D:2      | Reached skill level 4 in Axes
  1091 | D:2      | Reached XP level 4. HP: 40/40 MP: 4/4
  1602 | D:3      | Noticed Grinder
  1612 | D:3      | Paralysed by Grinder for 2 turns
  1618 | D:3      | Killed Grinder
  1619 | D:3      | Reached skill level 6 in Axes
  1619 | D:3      | Reached XP level 5. HP: 27/47 MP: 5/5
  1619 | D:3      | Reached XP level 6. HP: 31/53 MP: 6/6
  2019 | D:3      | Reached skill level 7 in Axes
  2360 | D:4      | Found a stormy altar of Qazlal.
  2416 | D:4      | Found a blossoming altar of Fedhas.
  2418 | D:4      | Became a worshipper of Qazlal Stormbringer
  2421 | D:4      | Found a shadowy altar of Dithmenos.
  2421 | D:4      | Found a radiant altar of Vehumet.
  2429 | D:4      | Found a basalt altar of Yredelemnul.
  2596 | D:4      | Found an opulent altar of Gozag.
  2867 | D:4      | Reached XP level 7. HP: 53/60 MP: 7/7
  2905 | D:4      | Reached skill level 8 in Axes
  2927 | D:4      | Reached skill level 5 in Armour
  3086 | D:4      | Reached skill level 5 in Fighting
  3347 | D:4      | Found a shimmering blue altar of Sif Muna.
  3358 | D:4      | Found an ornate altar of the Wu Jian Council.
  3426 | D:5      | Entered Level 5 of the Dungeon
  3437 | D:5      | Found a staircase to the Ecumenical Temple.
  3548 | D:5      | Reached * piety under Qazlal
  3624 | D:5      | HP: 1/59 [gnoll bouda/+0 club (10)]
  3624 | D:5      | Slain by a ribbon worm

Illustrated notes

Levels and vault maps discovered:
D:1:      eino_arrival_druids_welcome, layout_basic, minmay_gold_behind_fungi
D:2:      layout_basic
D:3:      layout_basic, uniq_grinder
D:4:      layout_rooms, nzn_wu_jian_contemplation,
          nicolae_overflow_hallway_of_the_gods, general_overflow_altar,
          grunt_gozag_breadcrumbs, kennysheep_dice
D:5:      layout_rooms, lemuel_crystal_altar, nicolae_tso_carved_into_rock,
          mainiacjoe_overflow_catwalk, minmay_temple_entry_antechambers

Skill      XL: |  1  2  3  4  5  6  7 |
---------------+----------------------+-----
Axes           | 3 4 6 7 8 |  8.8
Armour         | 4 5 |  5.3
Fighting       | 4 5 |  5.1
Throwing       | |  0.3
Stealth        | |  0.2
Shields        | |  3.8

Action                     |  1- 3 |  4- 6 |  7- 9 || total
---------------------------+-------+-------+-------++-------
  Melee: War axe           |    72 |   115 |    86 ||   273
  Throw: Dart              |       |     4 |     5 ||     9
    Use: Potion            |       |     5 |       ||     5
 Armour: Scale mail        |    60 |    80 |    89 ||   229
  Dodge: Dodged            |    39 |    45 |    36 ||   120
  Block: Buckler           |    16 |    21 |    16 ||    53
